AoeStats
← Big Toilet Snake

Migration

508987633Analyzed
1v1 RM · 9d ago on Sep 25, 2026· 47m 43s· 2 players
Game mode
Random Map
Map size
132×132
Population
200
Speed
Normal
Resources
Standard
Victory
Conquest
Starting age
Dark Age
Ending age
Imperial Age
RankedLock teamsTeams togetherTeam positionsShared explorationLock speedFull tech treeHidden civsTurbo modeCheats
Victory
Defeat
🇦🇷 Byzantines · Argentina
776
+17
🇨🇦 Persians · Canada
808
-17
perroTeuton
2:50 Loom
10:11 Loom
13:44 Feudal Age
15:52 Wheelbarrow
19:27 Castle Age
17:17 Double-Bit Axe
17:24 Gold Mining
17:20 Horse Collar
19:18 Forging
19:09 Scale Mail Armor
19:37 Man-at-Arms
22:11 Hand Cart
23:37 Iron Casting
22:40 Long Swordsman
35:40 Imperial Age
34:17 Medium Warships
34:44 Stone Mining
35:15 Fletching
35:46 Heavy Plow
37:01 Bow Saw
39:57 Ballistics
42:02 Chemistry
42:02 Pikeman
43:20 Conscription
44:38 Heavy Warships
44:53 Bodkin Arrow
45:34 Treadmill Crane
45:49 Murder Holes
46:30 Squires
45:51 Halberdier
48:07 Chain Mail Armor
Big Toilet Snake
10:17 Feudal Age
8:34 Loom
12:06 Double-Bit Axe
16:47 Castle Age
16:22 Wheelbarrow
17:00 Fishing Lines
17:13 Pikeman
18:08 Fishing Lines
22:01 Gillnets
22:53 Husbandry
23:11 Bloodlines
25:25 Husbandry
25:57 Medium Warships
27:41 Man-at-Arms
28:43 Long Swordsman
32:19 Padded Archer Armor
32:10 Fletching
34:27 Ballistics
34:02 Murder Holes
34:03 Gold Mining
34:45 Scale Barding Armor
38:57 Gold Shaft Mining
39:36 Forging
45:09 Imperial Age
44:08 Hand Cart
44:42 Town Watch
44:53 Stone Mining
44:54 Cavalier
46:29 Stone Shaft Mining
47:41 Chemistry
47:01 Masonry
Connection lost

Rejoining the realm…

Still unreachable

The connection could not be restored.

Session expired

The server has moved on; the page needs a fresh start.